 Dungeon Crawl Stone Soup version 0.30-a0-1082-g70414cbcbb (webtiles) character file.

Game seed: 11267964587580059000

698 ryw the Cudgeller (level 7, -18/52 HPs)
             Began as a Mummy Fighter on Apr 16, 2023.
             Demolished by a two-headed ogre
             ... wielding a +0 giant spiked club
              (19 damage)
             ... on level 4 of the Dungeon.
             The game lasted 00:10:06 (3910 turns).

ryw the Cudgeller (Mummy Fighter)                   Turns: 3910, Time: 00:10:06

Health: -18/52     AC: 13    Str: 21    XL:     7   Next: 38%
Magic:  7/7        EV:  9    Int:  8    God:
Gold:   144        SH:  4    Dex: 11    Spells: 6/6 levels left

rFire   x . .      SeeInvis .    a - +0 flail (venom)
rCold   + . .      Faith    +    c - +0 buckler
rNeg    + + +      Spirit   .    b - +0 scale mail
rPois   ∞          Reflect  .    q - +2 helmet
rElec   .          Rampage  .    d - +2 cloak
rCorr   .                        (no gloves)
Will    .....                    (no boots) Stlth
                                 l - amulet of the acrobat
HPRegen 0.28/turn                (no ring)
MPRegen 0.10/turn                (no ring)

@: no status effects
A: cold resistance 1, negative energy resistance 3, torment resistance 2, heat
vulnerability 1, in touch with death 1, no potions, faith
a: no special abilities


You were on level 4 of the Dungeon.
You visited 1 branch of the dungeon, and saw 5 of its levels.

You collected 144 gold pieces.

Inventory:

Hand Weapons
 a - a +0 flail of venom (weapon)
Missiles
 m - 5 poisoned darts (quivered)
 n - 6 javelins
 p - 3 atropa-tipped darts
Armour
 b - a +0 scale mail (worn)
 c - a +0 buckler (worn)
 d - a +2 cloak (worn)
 e - a +2 kite shield
 q - a +2 helmet (worn)
Jewellery
 h - a ring of wizardry
 l - an amulet of the acrobat (around neck)
 r - an amulet of magic regeneration
Scrolls
 f - 3 scrolls of identify
 g - 2 scrolls of enchant armour
 i - 2 scrolls of noise
 j - a scroll of fear
 k - a scroll of teleportation
 o - a scroll of magic mapping
 s - 2 scrolls of poison


   Skills:
 - Level 3.0 Fighting
 * Level 5.5 Maces & Flails
 - Level 2.0 Throwing
 - Level 3.0 Armour
 + Level 3.8 Shields


You had 6 spell levels left.
You didn't know any spells.
Your spell library was empty.

Dungeon Overview and Level Annotations

Branches:
Dungeon (5/15)
 Temple: D:4-7

Altars:
Gozag
Ru
Uskayaw
Vehumet
Yredelemnul


Innate Abilities, Weirdness & Mutations

You are immune to poison.
Your flesh is cold resistant. (rC+)
You are immune to negative energy. (rN+++)
You are immune to unholy pain and torment.
You are vulnerable to heat. (rF-)
You are in touch with the powers of death.
You do not drink.
You have a special connection with the divine. (Faith)


Message History

The goblin completely misses you.
You sock the goblin!
You kill the goblin!
No target in view!
There is an open door here.
There is an open door here.
Things that are here:
5 stones; a +0 short sword You see here a quokka skeleton.
A two-headed ogre and a worm come into view.
The two-headed ogre shouts in stereo!
You hear a shout!
Throw: 7 darts (poison)
Press: ? - help, Q - select action, (/) - cycle Shift-Dir - straight line, f - two-headed ogre
Aim: a two-headed ogre, wielding a +0 giant spiked club and a +0 giant club (73% to hit)
You throw a poisoned dart.
The poisoned dart hits the two-headed ogre.
The two-headed ogre is poisoned.
Throw: 6 darts (poison)
Press: ? - help, Q - select action, (/) - cycle Shift-Dir - straight line, f/p - two-headed ogre
Aim: a two-headed ogre, wielding a +0 giant spiked club and a +0 giant club (lightly wounded, poisoned, 73% to hit)
You throw a poisoned dart.
The poisoned dart hits the two-headed ogre.
The two-headed ogre looks even sicker.
The two-headed ogre is lightly wounded.
You barely miss the two-headed ogre.
The two-headed ogre is lightly wounded.
The two-headed ogre hits you with a +0 giant spiked club!
The two-headed ogre closely misses you.
You completely miss the two-headed ogre.
The two-headed ogre is lightly wounded.
The two-headed ogre barely misses you.
The two-headed ogre hits you with a +0 giant club!
You barely miss the two-headed ogre.
The two-headed ogre is lightly wounded.
You barely miss the two-headed ogre.
The two-headed ogre is lightly wounded.
The two-headed ogre hits you with a +0 giant spiked club!!
* * * LOW HITPOINT WARNING * * *
The two-headed ogre hits you with a +0 giant club!!
You die...

#$.#.####.#.......).. #)(#.#
#÷#...#...... #..###.#
#.#.###...#.. #
#.####.#.....#.#.. ###
##.#..##.......... ##.#
#.#..##.......... ##..#
#.#(####....#....
####...#..####.#....'....#..).
#......###(wO@##.88.#.........
#........#######.88.#.........
##.#..##.......#....#..)......
###...#....#..######......###
#....#>...#..............##
##....###.................#
##...## #.#......)###.##..##
#...## #........<.###......
##...# ##...#.....#....##.#


You could see a two-headed ogre (very poisoned) and a worm.

Vanquished Creatures
  Grinder (D:3)
  An ogre (D:4)
  A phantom (D:5)
  A scorpion (D:3)
  A howler monkey (D:4)
  An orc wizard (D:4)
  8 adders
  3 gnolls (D:5)
  A white imp (D:3)
  3 worms
  2 dart slugs
  5 orcs
  8 endoplasms
  6 giant cockroaches
  14 goblins
  9 hobgoblins
  4 jackals (D:3)
  4 quokkas
  6 ball pythons
  4 bats
  4 frilled lizards
  A hobgoblin zombie (D:5)
  9 kobolds
  2 kobold zombies (D:5)
  An orc zombie (D:5)
  2 rats
102 creatures vanquished.

Notes
Turn   | Place    | Note
-------+----------+-------------------------------------------
     0 | D:1      | ryw the Mummy Fighter began the quest for the Orb.
     0 | D:1      | Reached XP level 1. HP: 18/18 MP: 1/1
   273 | D:1      | Reached skill level 2 in Maces & Flails
   291 | D:1      | Reached XP level 2. HP: 24/24 MP: 2/2
  1050 | D:2      | Gained mutation: You are in touch with the powers of death.
                  | [Mummy growth]
  1050 | D:2      | Reached XP level 3. HP: 28/29 MP: 3/3
  1506 | D:2      | Reached skill level 3 in Maces & Flails
  1754 | D:3      | Reached XP level 4. HP: 35/35 MP: 4/4
  1761 | D:3      | Noticed Grinder
  2063 | D:4      | Found a hide-covered altar of Uskayaw.
  2286 | D:4      | Reached XP level 5. HP: 40/41 MP: 5/5
  2289 | D:4      | Noticed an ogre
  2364 | D:3      | Reached skill level 1 in Throwing
  2370 | D:3      | Found a radiant altar of Vehumet.
  2512 | D:3      | Reached skill level 4 in Maces & Flails
  2563 | D:3      | Found an opulent altar of Gozag.
  2732 | D:3      | Reached XP level 6. HP: 46/47 MP: 6/6
  2876 | D:3      | Paralysed by Grinder for 4 turns
  2884 | D:3      | Paralysed by Grinder for 2 turns
  2891 | D:3      | Killed Grinder
  2999 | D:4      | Reached skill level 5 in Maces & Flails
  2999 | D:4      | Reached XP level 7. HP: 21/52 MP: 7/7
  3130 | D:4      | Found a basalt altar of Yredelemnul.
  3317 | D:4      | Noticed a two-headed ogre
  3356 | D:5      | Entered Level 5 of the Dungeon
  3442 | D:5      | Identified the +2 robe "Pigod Ojea" {rPois rF- rC- rN+++}
  3566 | D:5      | Found a sacrificial altar of Ru.
  3910 | D:4      | HP: 1/52 [two-headed ogre/+0 giant spiked club (22)]
  3910 | D:4      | Demolished by a two-headed ogre

Illustrated notes

Levels and vault maps discovered:
D:1:      roderic_crossed_star, layout_loops_corners,
          chequers_serial_rivers_micro_d, reono_crystal_passage
D:2:      layout_basic, basic_altar
D:3:      layout_loops_ring, nicolae_gozag_cash_rules_everything_around_me,
          old_standard_altar, serial_bayou_pond_e, grunt_ministairs_13,
          uniq_grinder
D:4:      minmay_chambers_of_fours, layout_cave_pools,
          nicolae_uskayaw_murder_on_the_dancefloor,
          mainiacjoe_overflow_concentric_impassable, minmay_ogre_servants
D:5:      layout_loops_corners, lemuel_round_altar, minmay_mini_ossuary,
          uniq_edmund

Skill      XL: |  1  2  3  4  5  6 |
---------------+-------------------+-----
Maces & Flails | 2 3 4 5 |  5.5
Armour         | 3 |  3.0
Throwing       | 1 2 |  2.0
Shields        | 3 |  3.8
Fighting       | |  3.0

Action                     |  1- 3 |  4- 6 |  7- 9 || total
---------------------------+-------+-------+-------++-------
  Melee: Flail             |   143 |   113 |    65 ||   321
  Throw: Dart              |       |     5 |     2 ||     7
    Use: Scroll            |       |    10 |       ||    10
 Armour: Scale mail        |    92 |    41 |    27 ||   160
  Dodge: Dodged            |    65 |    58 |    33 ||   156
  Block: Buckler           |    31 |    22 |    11 ||    64

Table legend: (Time is in decaauts)
 A = Elapsed time spent in this place.
 B = Non-inter-level travel time spent in this place.
 C = Inter-level travel time spent in this place.
 D = Time resting spent in this place.
 E = Time spent auto-exploring this place.
 F = Levels seen in this place.
 G = Mean time per level.
                   A        B        C        D        E       F      G
               +--------+--------+--------+--------+--------+-----+--------+
         Total |   3999 |   3749 |    250 |    353 |   2349 |   5 |  799.8 |
       Dungeon |   3999 |   3749 |    250 |    353 |   2349 |   5 |  799.8 |
               +--------+--------+--------+--------+--------+-----+--------+

Top non-repeatable levels by time:
     D:3: 1176 daAuts
     D:1: 952 daAuts
     D:2: 779 daAuts
     D:4: 745 daAuts
     D:5: 345 daAuts
